AoeStats
← waLLefps.

Black Forest

506727407Analyzed
4v4 RM · 17d ago on Sep 14, 2026· 10m 5s· 8 players
Game mode
Random Map
Map size
Large (8 player)
Population
200
Speed
Normal
Resources
Standard
Victory
Conquest
Starting age
Dark Age
Ending age
Imperial Age
RankedLock teamsTeams togetherTeam positionsShared explorationLock speedFull tech treeHidden civsTurbo modeCheats
Victory
Defeat
🇹🇷 Persians · Türkiye
1422
+18
🇹🇷 Bohemians · Türkiye
1393
+19
🇹🇷 Bulgarians · Türkiye
1366
+20
🇹🇷 Turks · Türkiye
1364
+21
🇧🇷 Tatars · Brazil
1467
-20
🇧🇷 Dravidians · Brazil
1465
-20
🇪🇸 Britons · Spain
1460
-19
🇨🇳 Persians · China
1450
-19
Kuroko
7:10 Loom
11:37 Feudal Age
Corpse Highlighter
1:08 Loom
2468899547
4:34 Loom
11:33 Feudal Age
Newlife
klostrofobikköstebek
6:36 Loom
11:26 Feudal Age
Tameryig1t
6:39 Loom
10:15 Feudal Age
waLLefps.
1:08 Loom
İhtiyar
1:42 Loom
Connection lost

Rejoining the realm…

Still unreachable

The connection could not be restored.

Session expired

The server has moved on; the page needs a fresh start.